cohdb
Replays
Latest Replays
All Replays
Popular Replays
Top Player Replays
Match Explorer
How It Works
Community
CoH3 Stats
Reddit
Sign in to upload your games and track your stats! →
Sign in with Steam
Match 42753149
Unlisted
Match 42753149
Overview
Messages
Build Orders
End
Construct Section Command Post
Selects Indian Artillery Battlegroup
Vickers Machine Gun Team
Infantry Section
Infantry Section
Grenade Package
Construct Platoon Command Post
Selects Towed ML 4.2-inch Heavy Mortar
Selects War Cry
CMP 15cwt Truck
6-pounder Anti-tank Gun Team
Unlock M3 Stuart Light Tanks
Selects Off-map Airburst Barrage
Off-map Airburst Barrage
Towed ML 4.2-inch Heavy Mortar
M3 Stuart Light Tank
Off-map Airburst Barrage
Construct Company Command Post
Selects BL5.5 Artillery Emplacement
Selects Valour
Selects Gurkha Rifles Section
Unlock M3 Grant Medium Tanks
Off-map Airburst Barrage
M3 Grant Medium Tank
Selects Pillage
Infantry Training
CMP 15cwt Truck
Off-map Airburst Barrage
M3 Stuart Light Tank
Royal Engineer Section
Vickers Machine Gun Team
M3 Grant Medium Tank
Off-map Airburst Barrage
Foot Guards Section
killall
Rive.A
364219039
asura01124
MacNall
ZIN
Kenneth HU
charizard
0
0
Comments
sign in to comment!
No comments posted yet!